 Dungeon Crawl Stone Soup version 0.21-a0-265-gb353147 (console) character file.

15806 removed the Fighter (level 11, -3/112 HPs)
             Began as a Demigod Venom Mage on Sept 10, 2017.
             Slain by a wraith (6 damage)
             ... on level 11 of the Dungeon.
             The game lasted 00:36:34 (15827 turns).

removed the Fighter (Demigod Venom Mage)           Turns: 15827, Time: 00:36:34

Health: -3/112     AC: 11    Str: 13    XL:     11   Next: 73%
Magic:  11/25      EV: 16    Int: 35    God:
Gold:   702        SH:  0    Dex: 14    Spells: 20/24 levels left

rFire    + . .     SeeInvis +   a - +6 dagger {speed, rF+ Int+3 Dex-2 SInv}
rCold    + . .     Gourm    .   (no shield)
rNeg     . . .     Faith    .   O - +1 ring mail of Resourcefulness {Str+2 Int+4 Stlth+}
rPois    .         Spirit   .   L - +0 helmet
rElec    .         Reflect  .   Z - +0 cloak
rCorr    .         Harm     .   U - +0 pair of gloves
MR       +....                  V - +1 pair of boots
Stlth    ++........             (no amulet)
HPRegen  0.28/turn              m - +3 ring of intelligence
MPRegen  0.19/turn              Q - ring of protection from cold

@: no status effects
A: high mp 1, robust 1
a: no special abilities


You were on level 11 of the Dungeon.
You were not hungry.

You visited 1 branch of the dungeon, and saw 11 of its levels.

You collected 702 gold pieces.

Inventory:

Hand Weapons
 a - the +6 dagger of Fortitude (weapon) {speed, rF+ Int+3 Dex-2 SInv}
   (You found it on level 6 of the Dungeon)

   Attacks with this weapon are significantly faster.
   It affects your intelligence (+3).
   It affects your dexterity (-2).
   It protects you from fire.
   It lets you see invisible.
 b - a +2 falchion of holy wrath
 F - a +0 blowgun
 R - a +0 dagger of venom
 X - a +1 dire flail of crushing
Missiles
 B - a throwing net (quivered)
Armour
 L - a +0 helmet (worn)
 O - the +1 ring mail of Resourcefulness (worn) {Str+2 Int+4 Stlth+}
   (You found it on level 4 of the Dungeon)

   It affects your strength (+2).
   It affects your intelligence (+4).
   It makes you more stealthy.
 U - a +0 pair of gloves (worn)
 V - a +1 pair of boots (worn)
 Z - a +0 cloak (worn)
Jewellery
 m - a +3 ring of intelligence (left hand)
 o - an uncursed ring of positive energy
 t - the ring of Lethaaso {Fire *Corrode rElec SInv}
   (You took it off an orc priest on level 7 of the Dungeon)

   [ring of fire]

   It enhances your fire magic.
   It protects you from fire.
   It makes you vulnerable to cold.
   It insulates you from electricity.
   It lets you see invisible.
   It may corrode you when you take damage.
 Q - a ring of protection from cold (right hand)
 T - an uncursed ring of wizardry
 W - an uncursed ring of fire
Wands
 h - a wand of disintegration (13/24)
 k - a wand of iceblast (12/15)
 s - a wand of paralysis (13/24)
 C - a wand of polymorph (1/24)
 H - a wand of polymorph (7/24)
 M - a wand of acid (0/15)
Scrolls
 e - 8 scrolls of remove curse
 f - 3 scrolls of enchant weapon
 j - 7 scrolls of teleportation
 l - a scroll of noise {unknown}
 r - a scroll of fear {unknown}
 y - a scroll of magic mapping
 z - 2 scrolls of enchant armour
 A - 7 scrolls of fog
 E - 4 scrolls of recharging
 G - a scroll of amnesia
 I - a scroll of random uselessness {unknown}
 S - 2 scrolls of blinking {unknown}
 Y - a scroll of holy word {unknown}
Potions
 d - a potion of brilliance
 g - a potion of cancellation
 n - 3 potions of agility
 p - 2 potions of berserk rage
 u - 3 potions of mutation
 w - a potion of curing
 x - 5 potions of heal wounds
 J - a potion of magic
 K - a potion of might {unknown}
Comestibles
 c - 11 bread rations
 v - 4 fruits
 D - 3 meat rations
 N - a royal jelly
 P - 3 chunks of flesh


   Skills:
 + Level 11.4 Fighting
 - Level 10.1 Dodging
 - Level 1.7 Stealth
 - Level 7.0 Spellcasting
 - Level 5.0 Conjurations
 - Level 5.1 Poison Magic


You had 20 spell levels left.
You knew the following spells:

 Your Spells              Type           Power        Failure   Level  Hunger
a - Sting                 Conj/Pois      ####         1%          1    None
m - Mephitic Cloud        Conj/Pois/Air  #####...     5%          3    None


Dungeon Overview and Level Annotations

Branches:
Dungeon (11/15)            Temple (0/1) D:6             Orc (0/2) D:10
   Lair: D:8-11

Shops:
D:6 [   D:8 [

Annotations:
D:7 removed's ghost, novice DgVM
D:10 exclusion: Nergalle


Innate Abilities, Weirdness & Mutations

You have an increased reservoir of magic. (+10% MP)
You are robust. (+10% HP)


Message History

You hit the adder.
The adder is moderately wounded.
The centaur warrior hits you!
* * * LOW HITPOINT WARNING * * *
The adder closely misses you.
You hit the adder.
The adder is severely wounded.
The centaur warrior hits you but does no damage.
Unknown command.
Your ring mail of Resourcefulness prevents you from hitting the adder.
The adder is severely wounded.
The adder misses you. The wraith closely misses you.
The centaur warrior completely misses you.
An ogre comes into view. It is wielding a giant club.
Unknown command.
Unknown command.
You barely miss the centaur warrior.
The centaur warrior is lightly wounded.
The adder closely misses you. The wraith hits you.
You die...

..≈.≈#......#.#
..≈.##......#.# ...
..≈.#≈......#(## ....
..#.≈≈.......(.# #≈≈≈#
..#.≈≈........(# #≈≈≈≈≈
≈.≈.≈≈≈.≈......# #≈≈≈≈≈≈
≈.≈.≈≈≈.≈......##.......
≈...≈≈≈.#......S........
≈≈..≈≈≈........c@.......
≈≈.............W....≈≈≈.
≈≈..##..................
≈≈..# ..............≈≈≈.
≈≈..# ..............#;#.
≈≈.)###............## #
≈≈...........$.....#
≈##).##...........O#
.))÷.......


You could see a centaur warrior, a wraith, an ogre (wandering), an electric eel
and an adder.

Vanquished Creatures
  Erolcha (D:9)
  A centaur warrior (D:11)
  6 two-headed ogres
  An ogre mage (D:10)
  Nergalle (D:10)
  Pikel (D:6)
  Joseph (D:10)
  3 trolls
  A hornet (D:8)
  A merfolk (D:9)
  Sigmund (D:3)
  Eustachio (D:5)
  A vampire (D:10)
  6 yaks
  Menkaure (D:6)
  A steam dragon (D:5)
  Edmund (D:6)
  2 ice beasts (D:10)
  10 ogres
  3 orc warriors
  4 sky beasts
  An eye of draining (D:10)
  2 black bears
  A phantom (D:10)
  4 slaves
  8 centaurs
  2 big kobolds
  5 bullfrogs
  2 scorpions
  23 killer bees
  4 howler monkeys
  An electric eel (D:11)
  4 crimson imps
  3 bullfrog zombies
  7 orc priests
  5 hounds
  2 centaur zombies
  3 centaur skeletons
  Crazy Yiuf (D:6)
  2 bullfrog skeletons
  5 orc wizards
  5 iguanas
  5 worker ants
  A killer bee zombie (D:7)
  A hound zombie (D:8)
  2 hound skeletons
  A worker ant zombie (D:5)
  17 adders
  3 shadow imps
  2 oozes
  3 worms
  2 dart slugs
  4 leopard geckos
  53 orcs
  4 giant cockroaches
  2 gnoll zombies (D:5)
  9 goblins
  11 hobgoblins
  11 jackals
  5 quokkas
  A ball python (D:1)
  13 bats
  5 frilled lizards
  A jackal zombie (D:8)
  30 kobolds
  3 leopard gecko skeletons
  9 rats
336 creatures vanquished.

Vanquished Creatures (others)
  A fungus (D:11)
  2 plants (D:4)
3 creatures vanquished.

Grand Total: 339 creatures vanquished

Notes
Turn   | Place    | Note
-------+----------+-------------------------------------------
     0 | D:1      | removed the Demigod Venom Mage began the quest for the Orb.
     0 | D:1      | Reached XP level 1. HP: 14/14 MP: 5/5
     6 | D:1      | Reached skill level 1 in Conjurations
   356 | D:1      | Reached XP level 2. HP: 20/20 MP: 2/7
   931 | D:1      | Reached XP level 3. HP: 26/26 MP: 4/8
  1663 | D:2      | Reached XP level 4. HP: 33/33 MP: 4/9
  2175 | D:2      | Found an ancient bone altar of Kikubaaqudgha.
  2623 | D:3      | Noticed Sigmund
  2635 | D:3      | Learned a level 3 spell: Mephitic Cloud
  2649 | D:3      | Killed Sigmund
  2649 | D:3      | Reached XP level 5. HP: 35/38 MP: 7/10
  2755 | D:3      | Found an ornate altar of the Wu Jian Council.
  3050 | D:3      | Reached XP level 6. HP: 45/45 MP: 5/11
  3717 | D:4      | Found an iron altar of Okawaru.
  3809 | D:4      | Reached skill level 5 in Conjurations
  3809 | D:4      | Reached skill level 5 in Poison Magic
  4675 | D:4      | Got a polished ring mail
  4686 | D:4      | Identified the cursed +1 ring mail of Resourcefulness {Str+2 Int+4 Stlth+} (You found it on level 4 of the Dungeon)
  5189 | D:5      | Entered Level 5 of the Dungeon
  5190 | D:5      | Noticed Eustachio
  5231 | D:5      | Killed Eustachio
  5231 | D:5      | Reached XP level 7. HP: 44/50 MP: 1/15
  5244 | D:5      | Reached skill level 1 in Fighting
  5448 | D:5      | Reached skill level 2 in Fighting
  5453 | D:5      | Found a bloodstained altar of Trog.
  5573 | D:5      | Found a basalt altar of Yredelemnul.
  5634 | D:5      | Found a deep blue altar of Sif Muna.
  5637 | D:5      | Reached skill level 3 in Fighting
  6390 | D:6      | Reached skill level 4 in Fighting
  6390 | D:6      | Reached XP level 8. HP: 66/66 MP: 7/16
  6447 | D:6      | Found Omics's Antique Armour Emporium.
  6478 | D:6      | Noticed Menkaure
  6722 | D:6      | Noticed Pikel
  6868 | D:6      | Noticed Edmund
  6881 | D:6      | Killed Edmund
  7187 | D:6      | Reached skill level 5 in Fighting
  7385 | D:6      | Killed Menkaure
  7438 | D:6      | Reached skill level 6 in Fighting
  7596 | D:6      | Found a staircase to the Ecumenical Temple.
  7618 | D:6      | Got a translucent dagger
  7630 | D:6      | Identified the +6 dagger of Fortitude {speed, rF+ Int+3 Dex-2 SInv} (You found it on level 6 of the Dungeon)
  7721 | D:6      | Found a runed door.
  7770 | D:6      | Killed Pikel
  7770 | D:6      | Reached skill level 5 in Spellcasting
  7770 | D:6      | Reached XP level 9. HP: 67/77 MP: 4/21
  7962 | D:6      | Noticed Crazy Yiuf
  7969 | D:6      | Killed Crazy Yiuf
  8069 | D:7      | Noticed removed's ghost (novice DgVM)
  8436 | D:7      | Reached skill level 5 in Dodging
  8463 | D:7      | Got a scorched brass ring
  8834 | D:7      | Found a shattered altar of Ashenzari.
  8913 | D:7      | Found a stormy altar of Qazlal.
  9080 | D:8      | Noticed a two-headed ogre
  9099 | D:8      | Killed a two-headed ogre
  9099 | D:8      | Reached skill level 7 in Fighting
  9154 | D:8      | Reached skill level 8 in Fighting
  9297 | D:8      | Found Wecipt's Armour Emporium.
  9323 | D:8      | Identified the ring of Lethaaso {Fire *Corrode rElec SInv} (You took it off an orc priest on level 7 of the Dungeon)
 10029 | D:8      | Reached XP level 10. HP: 83/88 MP: 14/22
 10241 | D:9      | Noticed a two-headed ogre
 11158 | D:9      | Noticed a two-headed ogre
 11184 | D:9      | Killed a two-headed ogre
 11260 | D:9      | Gained mutation: You are robust. (+10% HP) [mutagenic meat]
 11264 | D:9      | Reached skill level 9 in Fighting
 11896 | D:9      | Noticed Erolcha
 11900 | D:9      | Killed a two-headed ogre
 11945 | D:9      | Killed Erolcha
 12676 | D:10     | Entered Level 10 of the Dungeon
 12928 | D:10     | Noticed Nergalle
 12958 | D:10     | Reached skill level 10 in Fighting
 13009 | D:10     | Reached XP level 11. HP: 95/108 MP: 14/25
 13057 | D:10     | Killed Nergalle
 13287 | D:10     | Noticed Joseph
 13705 | D:10     | Noticed a two-headed ogre
 13707 | D:10     | Noticed a two-headed ogre
 13832 | D:10     | Killed a two-headed ogre
 13929 | D:10     | Killed Joseph
 14020 | D:10     | Found a staircase to the Orcish Mines.
 14239 | D:10     | Noticed an ogre mage
 14248 | D:10     | Noticed a two-headed ogre
 14297 | D:10     | Killed a two-headed ogre
 14297 | D:10     | Reached skill level 10 in Dodging
 15137 | D:10     | Noticed a two-headed ogre
 15162 | D:10     | Killed an ogre mage
 15286 | D:10     | Killed a two-headed ogre
 15586 | D:11     | Reached skill level 11 in Fighting
 15743 | D:11     | Noticed a centaur warrior
 15764 | D:11     | Killed a centaur warrior
 15796 | D:11     | Noticed an unseen horror
 15809 | D:11     | Noticed a centaur warrior
 15824 | D:11     | HP: 3/112 [centaur warrior (8)]
 15827 | D:11     | Slain by a wraith

Vault maps used:
D:1:      minmay_arrival_five_plusses
D:2:      lemuel_round_altar
D:3:      nicolae_overflow_crystal_walls, first_bread, uniq_sigmund
D:4:      kennysheep_kobold_camp, kennysheep_mini_moat
D:5:      old_standard_altar, lemuel_zombie_altar_yredelemnul,
          trog_three_pillars_becter, uniq_eustachio
D:6:      minmay_temple_entry_glass, serial_shops, nicolae_shop_stone,
          uniq_edmund, uniq_menkaure, uniq_crazy_yiuf_cottage, uniq_pikel
D:7:      nicolae_qazlal_eye_of_the_storm, marbit_many_paths
D:8:      serial_shops, kennysheep_mini
D:9:      hangedman_fish_farm, uniq_erolcha
D:10:     hiddenorc2_lemuel, uniq_joseph, uniq_nergalle
D:11:     minmay_lair_entry_grove, uniq_snorg

Skill      XL: |  1  2  3  4  5  6  7  8  9 10 11 |
---------------+----------------------------------+-----
Conjurations   | 2 3 4 5 |  5.0
Poison Magic   | 3 4 5 |  5.1
Spellcasting   | 3 5 7 |  7.0
Fighting       | 4 6 8 10 11 | 11.4
Dodging        | 3 4 6 8 10 | 10.1
Stealth        | |  1.7

Action                   |  1- 3 |  4- 6 |  7- 9 | 10-12 || total
-------------------------+-------+-------+-------+-------++-------
Melee: Dagger            |    20 |    47 |    58 |   321 ||   446
       Falchion          |       |       |    87 |    59 ||   146
 Cast: Sting             |   100 |   108 |   308 |   424 ||   940
       Mephitic Cloud    |       |     4 |    12 |    34 ||    50
Evoke: Wand              |       |       |     4 |     2 ||     6
  Use: Potion            |     1 |       |       |     3 ||     4
       Scroll            |       |     7 |       |    13 ||    20
 Stab: Confused          |       |     2 |     1 |     6 ||     9
       Sleeping          |       |       |     3 |       ||     3
  Eat: Chunk             |     3 |     6 |    16 |    19 ||    44
       Bread ration      |       |     1 |       |       ||     1
       Fruit             |       |       |     1 |       ||     1
Armor: Robe              |     6 |     7 |       |       ||    13
       Ring mail         |       |     2 |    87 |   158 ||   247
       Skin              |       |       |       |     9 ||     9
Dodge: Dodged            |    17 |    45 |   177 |   472 ||   711
       Rpst.: Falchion   |       |       |    38 |     8 ||    46

Table legend:
 A = Spawn XP
 B = Non-spawn XP
 C = Spawn XP percentage of total XP
 D = Spawn monster count
 E = Non-spawn monster count
 F = Spawn count percentage of total count
 G = Total turns spent on level
                    A         B        C        D         E        F      G
               +---------+---------+-------+---------+---------+-------+---------
         Total |       0 |   22581 |   0.0 |       0 |     332 |   0.0 | 15827
               +---------+---------+-------+---------+---------+-------+---------
           D:1 |       0 |      50 |   0.0 |       0 |      25 |   0.0 |  1117
           D:2 |       0 |      93 |   0.0 |       0 |      24 |   0.0 |  1340
           D:3 |       0 |     336 |   0.0 |       0 |      23 |   0.0 |  1237
           D:4 |       0 |     336 |   0.0 |       0 |      27 |   0.0 |  1668
           D:5 |       0 |    1225 |   0.0 |       0 |      31 |   0.0 |  1791
           D:6 |       0 |    1764 |   0.0 |       0 |      20 |   0.0 |  1001
           D:7 |       0 |     527 |   0.0 |       0 |      18 |   0.0 |   899
           D:8 |       0 |    3186 |   0.0 |       0 |      36 |   0.0 |  1950
           D:9 |       0 |    4877 |   0.0 |       0 |      28 |   0.0 |  1673
          D:10 |       0 |    7720 |   0.0 |       0 |      81 |   0.0 |  2799
          D:11 |       0 |    2467 |   0.0 |       0 |      19 |   0.0 |   352
               +---------+---------+-------+---------+---------+-------+---------
